TOP OF THE 1ST |
Wizarding Express batting - Pitching for Boston Patriots : LHP Jesús Franco
|
Pitching: LHP Jesús Franco
|
|
Batting: RHB António Martínez
|
0-0: Called Strike 0-1: Fly out, F8 (Flyball, 8LM)
|
Batting: RHB Rafael Arredondo
|
0-0: Called Strike 0-1: Swinging Strike 0-2: Foul Ball, location: 2F 0-2: Ball 1-2: Ball 2-2: Ball 3-2: SINGLE (Groundball, 6MD)
|
Batting: LHB Nathan Tanner
|
0-0: Fly out, F8 (Flyball, 89S)
|
Batting: RHB Ralph Cranford
|
0-0: Foul Ball, location: 2F 0-1: Ball 1-1: Ball 2-1: Swinging Strike 2-2: Foul Ball, location: 2F 2-2: Fly out, F8 (Flyball, 8LXD)
|
Top of the 1st over - 0 runs, 1 hit, 0 errors, 1 left on base; Wizarding 0 - Boston 0 |
BOTTOM OF THE 1ST |
Boston Patriots batting - Pitching for Wizarding Express : LHP Dan Mitchell
|
Pitching: LHP Dan Mitchell
|
|
Batting: RHB Tamasaburo Kato
|
0-0: Ground out 3-1 (Groundball, 23)
|
Batting: RHB Karl Schultz
|
0-0: Foul Ball, location: 2F 0-1: Swinging Strike 0-2: Foul Ball, location: 2F 0-2: Fly out, F6 (Popup, 6MD)
|
Batting: RHB Tommy Jones
|
0-0: Ball 1-0: Ball 2-0: Foul Ball, location: 2F 2-1: Called Strike 2-2: Foul Ball, location: 2F 2-2: Foul Ball, location: 2F 2-2: Fly out, F8 (Flyball, 8LM)
|
Bottom of the 1st over - 0 runs, 0 hits, 0 errors, 0 left on base; Wizarding 0 - Boston 0 |
TOP OF THE 2ND |
Wizarding Express batting - Pitching for Boston Patriots : LHP Jesús Franco
|
Batting: SHB Fernando Sánchez
|
0-0: Ball 1-0: Called Strike 1-1: Ball 2-1: Ball 3-1: Called Strike 3-2: Foul Ball, location: 2F 3-2: Foul Ball, location: 2F 3-2: Strikes out swinging
|
Batting: LHB José Corona
|
0-0: Swinging Strike 0-1: Swinging Strike 0-2: Ball 1-2: Ball 2-2: Foul Ball, location: 2F 2-2: Strikes out swinging
|
Batting: SHB Salvador Trevino
|
0-0: Foul Ball, location: 2F 0-1: Ground out 4-3 (Groundball, 4)
|
Top of the 2nd over - 0 runs, 0 hits, 0 errors, 0 left on base; Wizarding 0 - Boston 0 |
BOTTOM OF THE 2ND |
Boston Patriots batting - Pitching for Wizarding Express : LHP Dan Mitchell
|
Batting: RHB Juan Tapia
|
0-0: Called Strike 0-1: Ball 1-1: Called Strike 1-2: Strikes out swinging
|
Batting: RHB Terry Armstrong
|
0-0: Ball 1-0: SINGLE (Groundball, 6MD)
|
Batting: RHB Eddie O'Bryan
|
0-0: Ball 1-0: Swinging Strike 1-1: Called Strike 1-2: SINGLE (Groundball, 6D) Terry Armstrong to second
|
Batting: SHB Jorge Velázquez
|
0-0: Ball 1-0: Called Strike 1-1: Ball 2-1: SINGLE (Line Drive, 6MD) Terry Armstrong to third Eddie O'Bryan to second
|
Batting: RHB Alfredo García
|
0-0: Ball 1-0: Ball 2-0: Called Strike 2-1: Ball 3-1: SINGLE (Groundball, 25) (infield hit) Terry Armstrong scores Eddie O'Bryan to third Jorge Velázquez to second
|
Batting: RHB Miguel Márquez
|
0-0: Ball 1-0: Swinging Strike 1-1: Called Strike 1-2: Ball 2-2: Ball 3-2: Base on Balls Eddie O'Bryan scores Jorge Velázquez to third Alfredo García to second
|
Batting: RHB Tamasaburo Kato
|
0-0: Called Strike 0-1: Swinging Strike 0-2: Ball 1-2: Foul Ball, location: 2F 1-2: Foul Ball, location: 2F 1-2: Foul Ball, location: 2F 1-2: Ball 2-2: SINGLE (Groundball, 6MD) Jorge Velázquez scores Alfredo García to third Miguel Márquez to second Runner from 3rd tries for Home, SAFE, throw made home
|
Batting: RHB Karl Schultz
|
0-0: Ball 1-0: Swinging Strike 1-1: Swinging Strike 1-2: Foul Ball, location: 2F 1-2: Grounds into double play, 6-4-3 (Groundball, 6)
|
Bottom of the 2nd over - 4 runs, 5 hits, 0 errors, 1 left on base; Wizarding 0 - Boston 4 |
TOP OF THE 3RD |
Wizarding Express batting - Pitching for Boston Patriots : LHP Jesús Franco
|
Batting: RHB Frank Grimes
|
0-0: Ball 1-0: Foul Ball, location: 2F 1-1: Fly out, F8 (Flyball, 8RS)
|
Batting: LHB António Boccanegra
|
0-0: Swinging Strike 0-1: Foul Ball, location: 2F 0-2: Ball 1-2: Foul Ball, location: 2F 1-2: Ball 2-2: Strikes out swinging
|
Batting: RHB António Martínez
|
0-0: Called Strike 0-1: Ball 1-1: Ball 2-1: Foul Ball, location: 2F 2-2: Foul Ball, location: 2F 2-2: Ball 3-2: TRIPLE (Flyball, 8LXD)
|
Batting: RHB Rafael Arredondo
|
Balk! António Martínez scores 0-0: Ball 1-0: Ball 2-0: Fly out, F9 (Line Drive, 89M)
|
Top of the 3rd over - 1 run, 1 hit, 0 errors, 0 left on base; Wizarding 1 - Boston 4 |
BOTTOM OF THE 3RD |
Boston Patriots batting - Pitching for Wizarding Express : LHP Dan Mitchell
|
Batting: RHB Tommy Jones
|
0-0: Called Strike 0-1: Swinging Strike 0-2: SINGLE (Flyball, 7S)
|
Batting: RHB Juan Tapia
|
0-0: Ball 1-0: Swinging Strike 1-1: Ball 2-1: Foul Ball, location: 2F 2-2: Foul Ball, location: 2F 2-2: Grounds into double play, 1-4-3 (Groundball, 15S)
|
Batting: RHB Terry Armstrong
|
0-0: Ball 1-0: Ball 2-0: Foul Ball, location: 2F 2-1: Ball 3-1: Base on Balls
|
Batting: RHB Eddie O'Bryan
|
0-0: Called Strike 0-1: Ball 1-1: Foul Ball, location: 2F 1-2: Ball 2-2: Ball 3-2: Foul Ball, location: 2F 3-2: Fly out, F5 (Popup, 5F)
|
Bottom of the 3rd over - 0 runs, 1 hit, 0 errors, 1 left on base; Wizarding 1 - Boston 4 |
TOP OF THE 4TH |
Wizarding Express batting - Pitching for Boston Patriots : LHP Jesús Franco
|
Batting: LHB Nathan Tanner
|
0-0: Ball 1-0: Swinging Strike 1-1: Foul Ball, location: 2F 1-2: SINGLE (Line Drive, 89S)
|
Batting: RHB Ralph Cranford
|
0-0: Foul Ball, location: 2F 0-1: Ball 1-1: SINGLE (Groundball, 5D) Nathan Tanner to second
|
Batting: SHB Fernando Sánchez
|
0-0: Swinging Strike 0-1: Foul Ball, location: 2F 0-2: Ball 1-2: Ball 2-2: Foul Ball, location: 2F 2-2: Strikes out looking
|
Batting: LHB José Corona
|
0-0: Swinging Strike 0-1: Ball 1-1: Ball 2-1: Grounds into double play, 4-6-3 (Groundball, 4M)
|
Top of the 4th over - 0 runs, 2 hits, 0 errors, 1 left on base; Wizarding 1 - Boston 4 |
BOTTOM OF THE 4TH |
Boston Patriots batting - Pitching for Wizarding Express : LHP Dan Mitchell
|
Batting: SHB Jorge Velázquez
|
0-0: Fly out, F8 (Flyball, 89D)
|
Batting: RHB Alfredo García
|
0-0: Ball 1-0: Ball 2-0: Foul Ball, location: 2F 2-1: Called Strike 2-2: Ball 3-2: Base on Balls
|
Batting: RHB Miguel Márquez
|
0-0: Ball 1-0: Grounds into double play, 5-4-3 (Groundball, 56)
|
Bottom of the 4th over - 0 runs, 0 hits, 0 errors, 0 left on base; Wizarding 1 - Boston 4 |
TOP OF THE 5TH |
Wizarding Express batting - Pitching for Boston Patriots : LHP Jesús Franco
|
Batting: SHB Salvador Trevino
|
0-0: Ball 1-0: Fly out, F8 (Flyball, 8LM)
|
Batting: RHB Frank Grimes
|
0-0: Ball 1-0: Foul Ball, location: 2F 1-1: Ball 2-1: Foul Ball, location: 2F 2-2: Foul Ball, location: 2F 2-2: Ground out 5-3 (Groundball, 5S)
|
Batting: LHB António Boccanegra
|
0-0: Called Strike 0-1: Ball 1-1: Ball 2-1: Fly out, F2 (Popup, 25F)
|
Top of the 5th over - 0 runs, 0 hits, 0 errors, 0 left on base; Wizarding 1 - Boston 4 |
BOTTOM OF THE 5TH |
Boston Patriots batting - Pitching for Wizarding Express : LHP Dan Mitchell
|
Batting: RHB Tamasaburo Kato
|
0-0: Foul Ball, location: 2F 0-1: Ball 1-1: Ball 2-1: Foul Ball, location: 2F 2-2: Ball 3-2: Fly out, F6 (Line Drive, 6)
|
Batting: RHB Karl Schultz
|
0-0: Ball 1-0: Ball 2-0: Foul Ball, location: 2F 2-1: Ball 3-1: Ground out 1-3 (Groundball, 13S)
|
Batting: RHB Tommy Jones
|
0-0: Ball 1-0: Foul Ball, location: 2F 1-1: Ball 2-1: Swinging Strike 2-2: SINGLE (Flyball, 89S)
|
Pitching: LHP Ming-jiang Wu
|
|
Batting: RHB Juan Tapia
|
0-0: Ball 1-0: Fly out, F7 (Flyball, 7S)
|
Bottom of the 5th over - 0 runs, 1 hit, 0 errors, 1 left on base; Wizarding 1 - Boston 4 |
TOP OF THE 6TH |
Wizarding Express batting - Pitching for Boston Patriots : LHP Jesús Franco
|
Batting: RHB António Martínez
|
0-0: Ball 1-0: Ball 2-0: Foul Ball, location: 2F 2-1: Ball 3-1: Ground out 1-3 (Groundball, P)
|
Batting: RHB Rafael Arredondo
|
0-0: Ball 1-0: Ball 2-0: Ground out 3-1 (Groundball, 34)
|
Batting: LHB Nathan Tanner
|
0-0: Ball 1-0: Fly out, F6 (Line Drive, 6)
|
Top of the 6th over - 0 runs, 0 hits, 0 errors, 0 left on base; Wizarding 1 - Boston 4 |
BOTTOM OF THE 6TH |
Boston Patriots batting - Pitching for Wizarding Express : LHP Ming-jiang Wu
|
Batting: RHB Terry Armstrong
|
0-0: Ball 1-0: Ground out 5-3 (Groundball, 56)
|
Batting: RHB Eddie O'Bryan
|
0-0: Called Strike 0-1: Ground out U3 (Groundball, 34)
|
Batting: SHB Jorge Velázquez
|
0-0: Called Strike 0-1: Ball 1-1: Swinging Strike 1-2: Foul Ball, location: 2F 1-2: Foul Ball, location: 2F 1-2: Ball 2-2: Ball 3-2: Foul Ball, location: 2F 3-2: Strikes out swinging
|
Bottom of the 6th over - 0 runs, 0 hits, 0 errors, 0 left on base; Wizarding 1 - Boston 4 |
TOP OF THE 7TH |
Wizarding Express batting - Pitching for Boston Patriots : LHP Jesús Franco
|
Batting: RHB Ralph Cranford
|
0-0: Ball 1-0: SINGLE (Groundball, 3D)
|
Batting: SHB Fernando Sánchez
|
0-0: Ball 1-0: Swinging Strike 1-1: Ball 2-1: Called Strike 2-2: Grounds into double play, 5-4-3 (Groundball, 56)
|
Batting: LHB José Corona
|
0-0: Ball 1-0: Foul Ball, location: 2F 1-1: Swinging Strike 1-2: Foul Ball, location: 2F 1-2: Fly out, F7 (Flyball, 7LMF)
|
Top of the 7th over - 0 runs, 1 hit, 0 errors, 0 left on base; Wizarding 1 - Boston 4 |
BOTTOM OF THE 7TH |
Boston Patriots batting - Pitching for Wizarding Express : LHP Ming-jiang Wu
|
Batting: RHB Alfredo García
|
0-0: Ball 1-0: Called Strike 1-1: Ground out 5-3 (Groundball, 56S)
|
Batting: RHB Miguel Márquez
|
0-0: Called Strike 0-1: Fly out, F5 (Line Drive, 6)
|
Batting: RHB Tamasaburo Kato
|
0-0: Foul Ball, location: 2F 0-1: Foul Ball, location: 2F 0-2: Ball 1-2: Ball 2-2: SOLO HOME RUN (Line Drive, 78XD), Distance : 417 ft
|
Batting: RHB Karl Schultz
|
0-0: Foul Ball, location: 2F 0-1: Swinging Strike 0-2: Ball 1-2: Ball 2-2: Ball 3-2: Foul Ball, location: 2F 3-2: Base on Balls
|
Batting: RHB Tommy Jones
|
0-0: Called Strike 0-1: Swinging Strike 0-2: Ball 1-2: Ball 2-2: Ground out 5-3 (Groundball, 56S)
|
Bottom of the 7th over - 1 run, 1 hit, 0 errors, 1 left on base; Wizarding 1 - Boston 5 |
TOP OF THE 8TH |
Wizarding Express batting - Pitching for Boston Patriots : LHP Jesús Franco
|
Batting: SHB Salvador Trevino
|
0-0: SINGLE (Groundball, 4D)
|
Batting: RHB Frank Grimes
|
0-0: Foul Ball, location: 2F 0-1: Foul Ball, location: 2F 0-2: Strikes out swinging
|
Batting: LHB António Boccanegra
|
0-0: Foul Ball, location: 2F 0-1: Foul Ball, location: 2F 0-2: Ball 1-2: Strikes out swinging
|
Batting: RHB António Martínez
|
0-0: Called Strike 0-1: Foul Ball, location: 2F 0-2: Foul Ball, location: 2F 0-2: Ball 1-2: Ball 2-2: Fly out, F3 (Line Drive, 3)
|
Top of the 8th over - 0 runs, 1 hit, 0 errors, 1 left on base; Wizarding 1 - Boston 5 |
BOTTOM OF THE 8TH |
Boston Patriots batting - Pitching for Wizarding Express : LHP Ming-jiang Wu
|
Batting: RHB Juan Tapia
|
0-0: Swinging Strike 0-1: Foul Ball, location: 2F 0-2: Fly out, F2 (Popup, 15S)
|
Batting: RHB Terry Armstrong
|
0-0: Foul Ball, location: 2F 0-1: Fly out, F7 (Flyball, 7LS)
|
Batting: RHB Eddie O'Bryan
|
0-0: Ball 1-0: Ball 2-0: Foul Ball, location: 2F 2-1: Ground out 5-3 (Groundball, 56)
|
Bottom of the 8th over - 0 runs, 0 hits, 0 errors, 0 left on base; Wizarding 1 - Boston 5 |
TOP OF THE 9TH |
Wizarding Express batting - Pitching for Boston Patriots : LHP Jesús Franco
|
Pitching: RHP Folkert van Huizen
|
|
Batting: RHB Rafael Arredondo
|
0-0: Ball 1-0: Fly out, F7 (Line Drive, 7)
|
Batting: LHB Nathan Tanner
|
0-0: Ball 1-0: Ground out 6-3 (Groundball, 6)
|
Batting: RHB Ralph Cranford
|
0-0: Called Strike 0-1: Ball 1-1: Fly out, F8 (Flyball, 78M)
|
Top of the 9th over - 0 runs, 0 hits, 0 errors, 0 left on base; Wizarding 1 - Boston 5 |
|